Map: Odyssey LE

Players

Yata

  • Race: Zerg Zerg
  • League: Gold
  • Spawn Location: 5:00

Uzul - Winner!

  • Race: Terran Terran
  • League: Gold
  • Spawn Location: 11:00

VOD

Have the link to the VOD?

Description

Time

  • Played on: Sept. 9, 2017, 9:37 p.m.
  • Length: 6:49
Show
View Real Time Build Order
Export as new Build Order

Yata Zerg 

Build Orders: Hatch First 

Get SALT Encoding   

  12  0:01  Drone  
  13  0:16  Drone  
  13  0:17  Overlord  
  14  0:35  Drone x2  
  14  0:38  Drone  
  17  0:55  Drone  
  18  1:00  Hatchery  
  18  1:03  Drone  
  18  1:09  Extractor  
  17  1:17  Drone, Spawning Pool  
  17  1:21  Drone  
  18  1:32  Drone  
  19  1:43  Overlord  
  19  1:53  Drone  
  20  2:05  Queen  
  22  2:12  Queen  
  22  2:13  Metabolic Boost  
  22  2:15  Zergling x4  
  26  2:17  Drone  
  27  2:29  Drone x2  
  29  2:38  Drone  
  29  2:39  Drone, Baneling Nest  
  30  2:51  Overlord  
  30  2:54  Drone  
  31  3:02  Drone  
  31  3:04  Drone, Evolution Chamber  
  32  3:07  Overlord  
  32  3:17  Drone x5  
  37  3:21  Drone x3  
  37  3:24  Overlord  
  40  3:37  Zergling x4  
  40  3:41  Zerg Melee Weapons Level 1  
  42  3:47  Drone x3  
  45  3:50  Extractor  
  45  3:52  Baneling x2  
  45  3:53  Baneling  
  44  3:55  Baneling  
  44  3:59  Drone x4  
  44  4:00  Drone x3  
  51  4:17  Hatchery  
  49  4:44  Lair  
  49  4:52  Zergling x2  
  49  4:53  Zergling x22  
  49  4:59  Spore Crawler  
  57  5:01  Spore Crawler  
  57  5:02  Spore Crawler  
  57  5:06  Spine Crawler  
  49  5:16  Baneling  
  49  5:21  Spore Crawler x2  
  41  5:33  Zergling x20  
  51  5:37  Baneling  
  51  5:38  Baneling x4  
  51  5:39  Baneling  
  51  5:42  Drone  
  51  6:03  Zergling x2  
  39  6:04  Zergling x12  
  44  6:20  Zergling x4  
  32  6:34  Drone x2  
  21  6:45  Hatchery  
Show
View Real Time Build Order
Export as new Build Order

Uzul Terran - Winner!

Build Orders: Banshee Rush 

Get SALT Encoding   

  12  0:01  SCV  
  13  0:14  SCV  
  14  0:26  SCV  
  15  0:29  Supply Depot  
  15  0:42  Refinery  
  15  0:50  SCV  
  15  0:52  Barracks  
  16  1:00  Supply Depot  
  16  1:02  SCV  
  17  1:14  SCV  
  17  1:15  Refinery  
  18  1:26  SCV  
  19  1:38  SCV  
  20  1:41  Marine  
  21  1:47  Factory  
  21  1:53  Orbital Command  
  21  1:59  Marine  
  22  2:16  Marine  
  23  2:27  SCV  
  24  2:31  Factory Tech Lab  
  24  2:33  Starport  
  24  2:34  Marine  
  25  2:38  Starport  
  25  2:39  SCV  
  27  2:51  SCV  
  27  2:52  Marine  
  28  3:00  Supply Depot  
  28  3:03  SCV  
  29  3:10  Starport Tech Lab, Marine  
  30  3:14  Starport Tech Lab  
  30  3:29  Banshee  
  30  3:33  Banshee  
  36  3:36  Cloaking Field  
  36  3:47  Marine  
  37  3:58  Siege Tank  
  40  4:04  Marine  
  41  4:16  Banshee  
  44  4:22  Marine  
  41  4:50  Banshee  
  44  5:16  Command Center  
  44  5:36  Marine  
  45  5:54  Marine  
  41  6:27  Marine  
Tags
 
League
GoldGold
Matchup
TvZ
Replay Pack
Pack 1
Spawn Locations
Cross Positions
Strategy
Banshee Rush
Add a new tag
Caveats
  • Supply blocks, unpowered buildings, or Contaminate may cause inaccurate times.
  • Supply counts are checked every 10 seconds.